 Dungeon Crawl Stone Soup version 0.23-a0-332-g9fe5f10 (webtiles) character file.

428 riellis the Poker (level 6, 0/48 HPs)
             Began as a Merfolk Skald on Oct 16, 2018.
             Slain by a sky beast (5 damage)
             ... on level 4 of the Dungeon.
             The game lasted 00:19:17 (5609 turns).

riellis the Poker (Merfolk Skald)                   Turns: 5609, Time: 00:19:19

Health: 0/48       AC:  9    Str: 14 (16) XL:     6   Next: 98%
Magic:  9/9        EV:  5    Int:  9 (12) God:
Gold:   286        SH: 12    Dex: 12 (13) Spells: 4/9 levels left

rFire    . . .     SeeInvis .   a - +0 trident
rCold    . . .     Gourm    .   G - +0 large shield
rNeg     . . .     Faith    .   D - +0 chain mail
rPois    .         Spirit   .   (no helmet)
rElec    .         Reflect  .   A - +0 cloak
rCorr    .         Harm     .   (no gloves)
MR       .....                  (no boots)
Stlth    ..........             (no amulet)
HPRegen  0.16/turn              c - +2 ring of strength
MPRegen  0.11/turn              q - +2 ring of evasion

@: no status effects
A: change form in water, swift swim, stealthy swim
a: no special abilities


You were on level 4 of the Dungeon.
You were hungry.

You visited 1 branch of the dungeon, and saw 5 of its levels.

You collected 286 gold pieces.

Inventory:

Hand Weapons
 a - a +0 trident (weapon)
 b - a +1 dagger of electrocution
Missiles
 i - a throwing net
 o - 68 sling bullets
 p - 128 stones (quivered)
 t - 4 curare-tipped needles
 y - 2 needles of frenzy
 H - a tomahawk
Armour
 e - a +0 leather armour
 w - a +0 buckler
 A - a +0 cloak (worn)
 B - a +0 scale mail
 D - a +0 chain mail (worn)
 G - a +0 large shield (worn)
Jewellery
 c - a +2 ring of strength (left hand)
 q - a +2 ring of evasion (right hand)
 C - an uncursed ring of magical power
Scrolls
 f - a scroll of immolation
 j - a scroll of fog
 k - 5 scrolls of remove curse
 s - 4 scrolls of identify
 u - a scroll of blinking
 x - a scroll of magic mapping
Potions
 g - a potion of flight
 n - 3 potions of haste
 r - a potion of ambrosia
 v - a potion of degeneration
 z - a potion of berserk rage
 E - 2 potions of resistance
Comestibles
 d - 10 rations


   Skills:
 + Level 3.7 Fighting
 * Level 6.4 Polearms
 - Level 1.0 Armour
 + Level 4.5 Dodging
 + Level 3.5 Shields
 - Level 2.0 Spellcasting
 - Level 3.2 Charms


You had 4 spell levels left.
You knew the following spells:

 Your Spells              Type           Power        Failure   Level  Hunger
a - Infusion              Chrm           #...         100%        1    ##.....
b - Song of Slaying       Chrm           #.......     100%        2    ###....
c - Shroud of Golubria    Chrm/Tloc      #.........   100%        2    ###....

Your spell library contained the following spells:

 Spells                   Type           Power        Failure   Level  Hunger
 Regeneration             Chrm/Necr      #.........   100%        3    ####...
 Spectral Weapon          Hex/Chrm       #.......     100%        3    ####...


Dungeon Overview and Level Annotations

Branches:
Dungeon (5/15)
 Temple: D:4-7

Altars:
The Shining One


Message History

Aim: a quokka Something you can't see is in the way.
Your shield and chain mail prevent you from hitting something.
You block something's attack.
Attack whom?
Press: ? - help, Dir - move target cursor, f/p - quokka
Aim: a quokka Something you can't see is in the way.
You miss something. Something hits you. Something shocks you.
* * * LOW HITPOINT WARNING * * *
Something hits you.
* * * LOW HITPOINT WARNING * * *
Something shocks you.
* * * LOW HITPOINT WARNING * * *
You feel better.
A sky beast appears from thin air!
Reactivating autopickup.
The sky beast hits you.
* * * LOW HITPOINT WARNING * * *
The sky beast shocks you.
You die...

#.........# # #.####.##.# #
##########.# #.##.####### #
#..........####.....^....# #
###.########...##..........# #
..#.......<................######
####.......#.#...................
#..........#.#####.........######
.........(....rY@#§........#
..##.......#######§.§§§....#
..##.....### #§§§§§....#
..##.....# ######§§§......#
..##.....####...§§§§§§.§...#
..##....)........§§§§......#
...#....)........§§........#
...#...............§§#######
+#.#.................#


You could see a sky beast and a quokka.

Vanquished Creatures
  2 scorpions (D:4)
  A hound (D:4)
  An orc priest (D:2)
  Jessica (D:2)
  An iguana (D:3)
  An orc wizard (D:4)
  6 adders
  3 oozes
  An adder skeleton (D:4)
  5 worms
  3 dart slugs
  3 leopard geckos
  7 orcs
  7 bats
  6 giant cockroaches
  9 goblins
  8 hobgoblins
  15 jackals
  2 ball pythons
  3 frilled lizards
  7 kobolds
  A leopard gecko skeleton (D:4)
  10 rats
103 creatures vanquished.

Notes
Turn   | Place    | Note
-------+----------+-------------------------------------------
     0 | D:1      | riellis the Merfolk Skald began the quest for the Orb.
     0 | D:1      | Reached XP level 1. HP: 16/16 MP: 3/3
   153 | D:1      | Reached XP level 2. HP: 23/23 MP: 5/5
   360 | D:1      | Reached skill level 1 in Armour
   635 | D:1      | Reached skill level 4 in Polearms
   635 | D:1      | Reached XP level 3. HP: 20/28 MP: 6/6
  1139 | D:2      | Learned a level 2 spell: Song of Slaying
  1142 | D:2      | Learned a level 2 spell: Shroud of Golubria
  1485 | D:2      | Reached XP level 4. HP: 20/34 MP: 1/7
  1756 | D:2      | Noticed Jessica
  1773 | D:2      | Killed Jessica
  1773 | D:2      | Reached skill level 5 in Polearms
  2126 | D:2      | Reached XP level 5. HP: 39/41 MP: 3/8
  2154 | D:2      | Found a glowing golden altar of the Shining One.
  2656 | D:2      | Reached skill level 1 in Shields
  3863 | D:3      | Reached XP level 6. HP: 40/47 MP: 9/9
  4664 | D:4      | Reached skill level 6 in Polearms
  5586 | D:5      | Entered Level 5 of the Dungeon
  5589 | D:5      | Noticed a sky beast
  5609 | D:4      | Slain by a sky beast

Vault maps used:
D:1:      mainiacjoe_arrival_reflecting_pool, minmay_bisected
D:2:      kennysheep_big_flooded_room, tso_metal_star, uniq_jessica
D:3:      first_ration
D:5:      chequers_temple_overflow_statue_of_worship,
          gammafunk_temple_overflow_statue

Skill      XL: |  1  2  3  4  5  6 |
---------------+-------------------+-----
Dodging        | 3 4 |  4.5
Armour         | 1 |  1.0
Polearms       | 4 5 6 |  6.4
Fighting       | 3 |  3.7
Shields        | 3 |  3.5
Spellcasting   | |  2.0
Charms         | |  3.2

Action                   |  1- 3 |  4- 6 || total
-------------------------+-------+-------++-------
Melee: Spear             |    73 |   432 ||   505
       Dagger            |    52 |     3 ||    55
       Trident           |       |     6 ||     6
Throw: Stone             |    14 |    27 ||    41
       Tomahawk          |       |     3 ||     3
 Cast: Infusion          |     3 |     7 ||    10
       Shroud of Golubri |     1 |       ||     1
       Song of Slaying   |       |     1 ||     1
  Use: Scroll            |       |     9 ||     9
       Potion            |       |     5 ||     5
  Eat: Chunk             |     2 |    13 ||    15
Armor: Leather armour    |    16 |    12 ||    28
       Scale mail        |       |    28 ||    28
       Chain mail        |       |    86 ||    86
Dodge: Dodged            |    55 |   106 ||   161
Block: Buckler           |       |    28 ||    28
       Large shield      |       |   109 ||   109

Table legend:
 A = Non-vault XP
 B = Vault XP
 C = Vault XP percentage of total XP
 D = Non-vault monster count
 E = Vault monster count
 F = Vault count percentage of total count
                 A         B        C        D         E       F
            +---------+---------+-------+---------+---------+-------
      Total |     566 |      46 |   7.5 |      97 |       6 |   5.8
            +---------+---------+-------+---------+---------+-------
        D:1 |      36 |       4 |  10.0 |      20 |       3 |  13.0
        D:2 |     138 |      42 |  23.3 |      27 |       3 |  10.0
        D:3 |     115 |       0 |   0.0 |      27 |       0 |   0.0
        D:4 |     277 |       0 |   0.0 |      23 |       0 |   0.0
            +---------+---------+-------+---------+---------+-------
